 Dungeon Crawl Stone Soup version 0.28-a0-687-gb91baff9cc (webtiles) character file.

Game seed: 17148470437849759681

42 lawman0 the Chopper (level 3, -2/31 HPs)
             Began as a Palentonga Berserker on Oct 19, 2021.
             Was a Believer of Trog.
             Slain by a gnoll (6 damage)
             ... on level 2 of the Dungeon.
             The game lasted 00:00:53 (1423 turns).

lawman0 the Chopper (Palentonga Berserker)          Turns: 1423, Time: 00:00:54

Health: -2/31      AC:  4    Str: 20    XL:     3   Next: 33%
Magic:  3/3        EV:  9    Int:  7    God:    Trog [**....]
Gold:   93         SH:  0    Dex: 10    Spells: 2/2 levels left

rFire   . . .      SeeInvis +   a - +0 hand axe
rCold   . . .      Faith    .   (no shield)
rNeg    . . .      Spirit   .   b - +0 animal skin
rPois   .          Reflect  .   (no helmet)
rElec   .          Harm     .   (no cloak)
rCorr   .          Rampage  .   (no gloves)
Will    .....                   (no barding)
Stlth   +.........              (no amulet)
HPRegen 0.10/turn               (no ring)
MPRegen 0.08/turn               (no ring)

@: no status effects
A: large, rugged brown scales 3, see invisible, deformed body, roll 1, armoured
tail
a: Rolling Charge, Renounce Religion, Berserk, Trog's Hand


You were on level 2 of the Dungeon.
You worshipped Trog.
Trog was pleased with you.
You visited 1 branch of the dungeon, and saw 2 of its levels.

You collected 93 gold pieces.

Inventory:

Hand Weapons
 a - a +0 hand axe (weapon)
Armour
 b - a +0 animal skin (worn)
Jewellery
 h - an amulet of magic regeneration
Scrolls
 c - a scroll of summoning {unknown}
 e - a scroll of fear {unknown}
 f - a scroll of fog {unknown}
 i - 2 scrolls of identify {unknown}
Potions
 d - a potion of haste {unknown}
 g - 2 potions of mutation {unknown}


   Skills:
 + Level 3.4 Fighting
 * Level 4.0 Axes
 + Level 1.6 Armour
 + Level 1.7 Dodging


You had 2 spell levels left.
You didn't know any spells.
Your spell library was empty.

Dungeon Overview and Level Annotations

Branches:
Dungeon (2/15)

Altars:


Innate Abilities, Weirdness & Mutations

You are completely covered in rugged brown scales. (AC +3, +7% HP)
You have supernaturally acute eyesight. (SInv)
Armour fits poorly on your strangely shaped body.
You can roll at nearby foes to attack.
You have a long armoured tail.


Message History

A frilled lizard is nearby!
A gnoll and a kobold come into view.
The gnoll shouts!
The kobold shouts!
A gnoll comes into view. It is wielding a +0 club.
A gnoll comes into view. It is wielding a +0 whip.
The gnoll shouts!
You hit the frilled lizard.
You kill the frilled lizard!
Trog accepts your kill.
You hear a shout!
There are monsters nearby!
You hit the kobold but do no damage.
The kobold hits you with a +0 short sword.
A gnoll comes into view. It is wielding a +0 whip.
There are monsters nearby!
You hit the kobold.
You kill the kobold!
Trog accepts your kill. The gnoll closely misses you.
You're still recovering from your berserk rage.
You're still recovering from your berserk rage.
The gnoll hits you with a +0 halberd.
You see here a frilled lizard corpse.
You hit the gnoll.
The gnoll is heavily wounded.
You hit the gnoll but do no damage. The gnoll hits you with a +0 halberd!
The gnoll barely misses you.
You are too injured to fight recklessly!
You barely miss the gnoll. You tail-slap the gnoll.
The gnoll is heavily wounded.
You hit the gnoll.
You recover from your berserk rage.
The gnoll hits you with a +0 halberd.
Unknown command.
The gnoll hits you from afar with a +0 halberd.
You fail to use your ability.
The gnoll hits you from afar with a +0 halberd.
* * * LOW HITPOINT WARNING * * *
The gnoll hits you with a +0 whip.
You die...

..#.### #.#.# #.# ....#
#.#.# #.. #...# #.###
#.#.# #... #...# # #.#.##
#.# ##... #...# .#. #.#..
#.# ...... ...#
..#.##.#.## #.#
#....###.###...#.##.#.. #
#.#
#.....gg..†...##.#....# #
#.#
#..g†@.†######.#.)#.## #
#.#
#.>.)g................ #
#.#
#....###.#..###.#......
#.#.# .......
###....##........ #.#.#
###.............)........
#.#.#
#...#####..#####..####.
..#.# ##..
............####. .##.#
#.# #.#.....#......#.
.##.# #.#######..###.#.


You could see 4 gnolls.

Vanquished Creatures
  An adder (D:2)
  3 bats
  An endoplasm (D:2)
  4 giant cockroaches
  5 goblins
  A quokka (D:2)
  7 ball pythons
  3 frilled lizards (D:2)
  3 kobolds
  2 rats
30 creatures vanquished.

Notes
Turn   | Place    | Note
-------+----------+-------------------------------------------
     0 | D:1      | lawman0 the Palentonga Berserker began the quest for the
                  | Orb.
     0 | D:1      | Reached XP level 1. HP: 19/19 MP: 1/1
   397 | D:1      | Reached XP level 2. HP: 23/25 MP: 2/2
  1280 | D:2      | Reached XP level 3. HP: 31/31 MP: 3/3
  1410 | D:2      | Reached ** piety under Trog
  1414 | D:2      | Reached skill level 4 in Axes
  1423 | D:2      | Slain by a gnoll

Illustrated notes

Levels and vault maps discovered:
D:1:      psy_arrival_radial01, layout_loops_corners
D:2:      layout_basic, basic_ecumenical_altar

Skill      XL: |  1  2  3 |
---------------+----------+-----
Axes           | 4 |  4.0
Fighting       | |  3.4
Armour         | |  1.6
Dodging        | |  1.7

Action                   || total
-------------------------++-------
Melee: Hand axe          ||    60
       Tailslap          ||     4
Invok: Berserk           ||     3
Armor: Animal skin       ||    28
Dodge: Dodged            ||    19

Table legend: (Time is in decaauts)
 A = Elapsed time spent in this place.
 B = Non-inter-level travel time spent in this place.
 C = Inter-level travel time spent in this place.
 D = Time resting spent in this place.
 E = Time spent auto-exploring this place.
 F = Levels seen in this place.
 G = Mean time per level.
                   A        B        C        D        E       F      G
               +--------+--------+--------+--------+--------+-----+--------+
         Total |   1460 |   1434 |     26 |     38 |   1235 |   2 |  730.0 |
       Dungeon |   1460 |   1434 |     26 |     38 |   1235 |   2 |  730.0 |
               +--------+--------+--------+--------+--------+-----+--------+

Top non-repeatable levels by time:
     D:1: 941 daAuts
     D:2: 519 daAuts
